 Dungeon Sprint DCSS version 0.30-a0-867-g305f33218d (webtiles) character file.

Game seed: 4266573007258955594

317 BigDaddyOpFi the Thaumaturge (level 6, -2/48 HPs)
             Began as a Deep Elf Earth Elementalist on Mar 10, 2023.
             Was a High Priest of Vehumet.
             Slain by a warg (6 damage)
             ... in the Dungeon (Sprint VII: "The Pits").
             The game lasted 00:03:40 (782 turns).

BigDaddyOpFi the Thaumaturge (DEEE)                  Turns: 782, Time: 00:03:40

Health: -2/48      AC:  2    Str:  5    XL:     6   Next: 20%
Magic:  16/19      EV: 15    Int: 22    God:    Vehumet [*****.]
Gold:   0          SH:  0    Dex: 15    Spells: 14/21 levels left

rFire   . . .      SeeInvis .    j - +2 flail (heavy)
rCold   . . .      Faith    .    (no shield)
rNeg    . . .      Spirit   .    a - +0 robe
rPois   .          Reflect  .    (no helmet)
rElec   .          Rampage  .    (no cloak)
rCorr   .          NoTele   +    (no gloves)
Will    .....                    (no boots) Stlth
                                 (no amulet)
HPRegen 0.28/turn                (no ring)
MPRegen 0.16/turn                (no ring)

@: berserking (expiring), very quick
A: no striking features
a: Renounce Religion


You were in the Dungeon.
You worshipped Vehumet.
Vehumet was extremely pleased with you.
You visited 1 branch

Inventory:

Hand Weapons
 i - a +2 trident
 j - a +2 heavy flail (weapon)
Armour
 a - a +0 robe (worn)
Scrolls
 g - a scroll of blinking
Potions
 b - 4 potions of magic
 c - 6 potions of curing
 e - a potion of haste
 f - 2 potions of berserk rage
 h - 2 potions of invisibility


   Skills:
 + Level 7.4 Dodging
 + Level 8.0 Stealth
 + Level 8.2 Spellcasting
 + Level 6.4 Transmutations
 + Level 7.2 Earth Magic


You had 14 spell levels left.
You knew the following spells:

 Your Spells              Type           Power      Damage    Failure   Level
a - Sandblast             Erth           80%        2d17      1%          1
b - Scorch                Fire           18%        2d5       3%          2
c - Airstrike             Air            4%         2d(1-17)  19%         4

Your spell library contained the following spells:

 Spells                   Type           Power      Damage    Failure   Level
 Iskenderun's Battlesphe  Conj           9%         2d6       45%         5
 Passwall                 Tmut/Erth      32%        N/A       1%          2
 Stone Arrow              Conj/Erth      50%        3d10      1%          3
 Petrify                  Tmut/Erth      39%        N/A       4%          4


Dungeon Overview and Level Annotations

Branches:
Dungeon (1/1)

Altars:
Ashenzari
Cheibriados
Dithmenos
Elyvilon
Fedhas
Gozag
Hepliaklqana
Kikubaaqudgha
Makhleb
Nemelex Xobeh
Okawaru
Qazlal
Ru
Sif Muna
Trog
Uskayaw
Vehumet
Wu Jian
Xom
Yredelemnul
Zin
The Shining One
Jiyva
Lugonu


Message History

Confirm with . or Enter, or press ? or * to list all spells.
Flames lash the ball python.
You kill the ball python!
Vehumet accepts your kill.
You feel your power returning. The warg closely misses you.
You feel much better.
The warg stops to sniff the ground.
The warg bites you! x2
* * * LOW HITPOINT WARNING * * *
Casting: Scorch (safe; 3% risk of failure)
Confirm with . or Enter, or press ? or * to list all spells.
You don't know that spell.
You feel much better. The warg misses you.
You feel much better.
The phantom is no longer more vulnerable to fire.
The warg bites you.
A red film seems to cover your vision as you go berserk!
You feel yourself moving faster!
You feel mighty! The warg barely misses you. x2
You sock the warg!
The warg is moderately wounded.
The warg bites you!
You bludgeon the warg!!
The warg is severely wounded.
The warg misses you. x2
You closely miss the warg.
The warg is severely wounded.
The warg bites you! The warg completely misses you.
You barely miss the warg.
The warg is severely wounded.
The warg misses you.
You completely miss the warg.
The warg is severely wounded.
The warg closely misses you. The warg bites you!
* * * LOW HITPOINT WARNING * * *
You barely miss the warg.
The warg is severely wounded.
The warg bites you.
* * * LOW HITPOINT WARNING * * *
The warg bites you.
You die...

#)##'#..)).##...<...#
#.#........##.......#
#.#........##.......#
#)###########.......#
#.......#.. #########
#.....).#5#
#...#...#W#
#..###..#h#
#...#...#@+
#.......#'#
#.......).#
###########


You could see a warg, a phantom and a white imp.

Vanquished Creatures
  A necrophage (D)
  3 wights (D)
  A quasit (D)
  An orc wizard (D)
  2 gnolls (D)
  2 ufetubi (D)
  An adder zombie (D)
  A worm (D)
  2 ball pythons (D)
  A bat zombie (D)
  An endoplasm (D)
  A goblin (D)
  A frilled lizard (D)
  A kobold (D)
  A quokka skeleton (D)
20 creatures vanquished.

Notes
Turn   | Place    | Note
-------+----------+-------------------------------------------
     0 | D        | BigDaddyOpFi the Deep Elf Earth Elementalist began the
                  | quest for the Orb.
     0 | D        | Reached XP level 1. HP: 10/10 MP: 6/6
    14 | D        | Found a bloodstained altar of Trog.
    14 | D        | Found a shimmering blue altar of Sif Muna.
    14 | D        | Found a viscous altar of Jiyva.
    14 | D        | Found a hazy altar of Hepliaklqana.
    14 | D        | Found an opulent altar of Gozag.
    15 | D        | Found a glowing golden altar of the Shining One.
    15 | D        | Found a glowing silver altar of Zin.
    15 | D        | Found a basalt altar of Yredelemnul.
    15 | D        | Found a shimmering altar of Xom.
    15 | D        | Found an ornate altar of the Wu Jian Council.
    15 | D        | Found a sacrificial altar of Ru.
    15 | D        | Found a stormy altar of Qazlal.
    15 | D        | Found an iron altar of Okawaru.
    15 | D        | Found a sparkling altar of Nemelex Xobeh.
    15 | D        | Found a burning altar of Makhleb.
    15 | D        | Found a blossoming altar of Fedhas.
    15 | D        | Found a white marble altar of Elyvilon.
    15 | D        | Found a shadowy altar of Dithmenos.
    15 | D        | Found a snail-covered altar of Cheibriados.
    17 | D        | Found a corrupted altar of Lugonu.
    17 | D        | Found a radiant altar of Vehumet.
    18 | D        | Found an ancient bone altar of Kikubaaqudgha.
    18 | D        | Found a hide-covered altar of Uskayaw.
    18 | D        | Found a broken altar of Ashenzari.
    25 | D        | Became a worshipper of Vehumet
    61 | D        | Reached XP level 2. HP: 10/15 MP: 2/8
   190 | D        | Reached * piety under Vehumet
   190 | D        | Offered knowledge of Magic Dart by Vehumet.
   350 | D        | Offered knowledge of Scorch by Vehumet.
   350 | D        | Reached ** piety under Vehumet
   355 | D        | Learned a level 2 spell: Scorch
   369 | D        | Offered knowledge of Inner Flame by Vehumet.
   370 | D        | Reached skill level 5 in Spellcasting
   370 | D        | Reached XP level 3. HP: 18/19 MP: 8/11
   441 | D        | Noticed a wight
   441 | D        | Noticed a wight
   443 | D        | Noticed a wight
   445 | D        | Noticed a necrophage
   448 | D        | Reached *** piety under Vehumet
   458 | D        | Killed a wight
   459 | D        | Reached skill level 5 in Dodging
   459 | D        | Reached skill level 5 in Stealth
   459 | D        | Reached skill level 5 in Earth Magic
   459 | D        | Reached XP level 4. HP: 9/24 MP: 5/14
   461 | D        | Reached skill level 5 in Transmutations
   461 | D        | Reached XP level 5. HP: 28/28 MP: 4/16
   465 | D        | Reached **** piety under Vehumet
   466 | D        | Reached XP level 6. HP: 18/32 MP: 0/18
   552 | D        | Offered knowledge of Airstrike by Vehumet.
   558 | D        | Learned a level 4 spell: Airstrike
   567 | D        | Offered knowledge of Iskenderun's Battlesphere by Vehumet.
   769 | D        | Noticed a warg
   772 | D        | Reached ***** piety under Vehumet
   782 | D        | Slain by a warg

Illustrated notes

Levels and vault maps discovered:
D:        pitsprint [storerooms_1, entrance_room_1, metal_vault_6, armoury_3,
          mini_pit_1, grid_room_1, main_hall_1, silver_pit, the_coven_1,
          the_vestibule_1, steel_vault_1, golden_pit, hallway_of_sentries,
          crystal_vault_4, iron_vault_2, final_vault]

Skill      XL: |  1  2  3  4  5  6 |
---------------+-------------------+-----
Dodging        | 3 4 5 6 7 |  7.4
Stealth        | 3 4 5 6 7 8 |  8.0
Transmutations | 2 3 4 5 6 |  6.4
Spellcasting   | 5 6 7 8 |  8.2
Earth Magic    | 4 5 6 7 |  7.2

Action                     |  1- 3 |  4- 6 || total
---------------------------+-------+-------++-------
  Melee: Trident           |     4 |       ||     4
         Flail             |       |    12 ||    12
   Cast: Sandblast         |    29 |     3 ||    32
         Scorch            |     2 |     9 ||    11
         Airstrike         |       |     2 ||     2
    Use: Potion            |     3 |     5 ||     8
 Armour: Robe              |    22 |     1 ||    23
  Dodge: Dodged            |    46 |    18 ||    64

Table legend: (Time is in decaauts)
 A = Elapsed time spent in this place.
 B = Non-inter-level travel time spent in this place.
 C = Inter-level travel time spent in this place.
 D = Time resting spent in this place.
 E = Time spent auto-exploring this place.
 F = Levels seen in this place.
 G = Mean time per level.
                   A        B        C        D        E       F      G
               +--------+--------+--------+--------+--------+-----+--------+
         Total |    805 |    784 |     21 |    550 |      0 |   1 |  805.0 |
       Dungeon |    805 |    784 |     21 |    550 |      0 |   1 |  805.0 |
               +--------+--------+--------+--------+--------+-----+--------+

Top non-repeatable levels by time:
       D: 805 daAuts
